 Dungeon Crawl Stone Soup version 0.21.1-1-g345015fe64 (webtiles) character file.

805 BrokenGlass the Grappler (level 7, -1/46 HPs)
             Began as an Octopode Fighter on Feb 17, 2018.
             Was a Follower of Ru.
             Slain by a centaur (6 damage)
             ... on level 5 of the Dungeon.
             The game lasted 00:04:24 (4101 turns).

BrokenGlass the Grappler (Octopode Fighter)         Turns: 4101, Time: 00:04:25

Health: -1/46      AC:  1    Str: 17    XL:     7   Next: 91%
Magic:  7/7        EV: 14    Int: 14    God:    Ru [*.....]
Gold:   309        SH:  0    Dex: 14    Spells: 6/6 levels left

rFire    . . .     SeeInvis .     - Unarmed
rCold    . . .     Gourm    .   (no shield)
rNeg     . . .     Faith    .   (helmet restricted)
rPois    .         Spirit   .   B - amulet of regeneration
rElec    .         Reflect  .   C - ring "Timeuhu" {*Drain +Inv Int+3 Dex+3 Slay+3}
rCorr    .         Harm     .   (no ring)
MR       .....                  (no ring)
Stlth    ++........             (no ring)
HPRegen  0.55/turn              (no ring)
MPRegen  0.10/turn              (no ring)
                                (no ring)
                                (no ring)

@: no status effects
A: almost no armour, stealthy swim, amphibious, 8 rings, constrict 8, camouflage
1, gelatinous body 1, hated by all
a: Renounce Religion, Evoke Invisibility


You were on level 5 of the Dungeon.
You worshipped Ru.
Ru was aware of your devotion.
You were not hungry.

You visited 1 branch of the dungeon, and saw 5 of its levels.

You collected 309 gold pieces.

Inventory:

Missiles
 d - 2 throwing nets
 g - 4 javelins (quivered)
 j - 25 poisoned needles
Armour
 a - a +0 shield
Jewellery
 p - an uncursed amulet of the gourmand
 B - an amulet of regeneration (around mantle)
 C - the ring "Timeuhu" (left tentacle) {*Drain +Inv Int+3 Dex+3 Slay+3}
   (You found it on level 5 of the Dungeon)

   [ring of intelligence]

   It affects your intelligence (+3).
   It affects your dexterity (+3).
   It affects your accuracy and damage with ranged weapons and melee attacks
   (+3).
   It lets you turn invisible.
   It causes draining when unequipped.
Scrolls
 f - 5 scrolls of identify
 i - 4 scrolls of enchant armour {unknown}
 l - 2 scrolls of amnesia {unknown}
 n - 7 scrolls of remove curse {unknown}
 o - a scroll of teleportation {unknown}
 r - 2 scrolls of blinking {unknown}
 s - a scroll of noise {unknown}
 t - 5 scrolls of immolation {unknown}
 x - 3 scrolls of enchant weapon {unknown}
 y - a scroll of magic mapping {unknown}
 A - a scroll of fear {unknown}
Potions
 b - 2 potions of might
 e - 3 potions of curing {unknown}
 h - 2 potions of heal wounds
 k - 3 potions of flight
 m - a potion of magic
 q - 2 potions of agility
 u - a potion of invisibility {unknown}
 v - 2 potions of haste {unknown}
 w - a potion of cancellation {unknown}
 z - 2 potions of berserk rage {unknown}
Comestibles
 c - 11 rations


   Skills:
 - Level 3.0 Fighting
 - Level 3.0 Dodging
 - Level 3.0 Shields
 + Level 8.8 Unarmed Combat


You had 6 spell levels left.
You didn't know any spells.

Dungeon Overview and Level Annotations

Branches:
Dungeon (5/15)             Temple (0/1) D:4

Altars:
Fedhas
Ru
Sif Muna
Trog


Innate Abilities, Weirdness & Mutations

You cannot wear most types of armour.
You are very stealthy in the water. (Stealth+)
You are amphibious.
You can wear up to eight rings at the same time.
You can use your tentacles to constrict eight enemies at once.
Your skin changes colour to match your surroundings (Stealth+).
Your rubbery body absorbs attacks. (AC +1, EV +1)
You are hated by all.


Message History

You tentacle-slap the centaur but do no damage.
The centaur hits you.
* * * LOW HITPOINT WARNING * * *
Unknown command.
You tentacle-slap the centaur. x2
You squeeze the centaur, but do no damage.
The centaur is moderately wounded.
The centaur hits you.
* * * LOW HITPOINT WARNING * * *
Unknown command.
You bludgeon the centaur!
The centaur is severely wounded.
The centaur hits you.
* * * LOW HITPOINT WARNING * * *
The centaur hits you but does no damage.
Unknown command.
You barely miss the centaur.
The centaur is severely wounded.
The centaur hits you.
You die...

(......†)
....#####.
...#...#
..........
#.#..
##.........
#..#.
###..........
##.#.
............
#...
#..........
#### ###
#...c......
...##..@.......
#..##.(.......
#....(.......
.#####
##...(...###.
......
##.....## #....
#.....# ##....
#.((..# #.....
##....# #.....
#....# #.....


You could see a centaur.

Vanquished Creatures
  Sigmund (D:2)
  An ogre (D:4)
  Blork the orc (D:5)
  A howler monkey (D:5)
  2 crimson imps (D:5)
  A hound (D:4)
  4 orc wizards
  An iguana (D:4)
  3 gnolls (D:3)
  8 adders
  An ooze (D:4)
  2 worms
  A leopard gecko (D:1)
  14 orcs
  8 bats
  2 giant cockroaches
  5 hobgoblins
  12 jackals
  11 kobolds
  5 quokkas
  A ball python (D:4)
  8 frilled lizards
  7 goblins
  A leopard gecko skeleton (D:4)
  A leopard gecko zombie (D:5)
  7 rats
109 creatures vanquished.

Notes
Turn   | Place    | Note
-------+----------+-------------------------------------------
     0 | D:1      | BrokenGlass the Octopode Fighter began the quest for the Orb.
     0 | D:1      | Reached XP level 1. HP: 16/16 MP: 1/1
   221 | D:1      | Reached XP level 2. HP: 21/21 MP: 2/2
   458 | D:1      | Reached skill level 3 in Unarmed Combat
   895 | D:2      | Reached XP level 3. HP: 26/26 MP: 3/3
  1095 | D:2      | Found a sacrificial altar of Ru.
  1098 | D:2      | HP: 1/26 [orc wizard/dagger of electrocution (19)]
  1100 | D:2      | Reached skill level 4 in Unarmed Combat
  1100 | D:2      | Reached XP level 4. HP: 1/31 MP: 4/4
  1401 | D:2      | Became a worshipper of Ru the Awakened
  1699 | D:2      | Noticed Sigmund
  1708 | D:2      | Killed Sigmund
  1708 | D:2      | Reached skill level 6 in Unarmed Combat
  1708 | D:2      | Reached XP level 5. HP: 18/36 MP: 5/5
  1708 | D:2      | Reached XP level 6. HP: 22/42 MP: 6/6
  2551 | D:3      | Gained mutation: You are hated by all. [Ru sacrifice]
  2551 | D:3      | Reached * piety under Ru
  2843 | D:4      | Reached skill level 7 in Unarmed Combat
  2873 | D:4      | Found a staircase to the Ecumenical Temple.
  3155 | D:4      | Found a deep blue altar of Sif Muna.
  3158 | D:4      | Reached XP level 7. HP: 46/46 MP: 7/7
  3525 | D:4      | Found a blossoming altar of Fedhas.
  3525 | D:4      | Found a bloodstained altar of Trog.
  3660 | D:5      | Entered Level 5 of the Dungeon
  3673 | D:5      | Reached skill level 8 in Unarmed Combat
  3693 | D:4      | HP: 2/46 [something (1)]
  3881 | D:5      | Noticed Blork the orc
  3888 | D:5      | Killed Blork the orc
  3950 | D:5      | Got a brightly glowing bone ring
  4015 | D:5      | Identified the ring "Timeuhu" {*Drain +Inv Int+3 Dex+3 Slay+3} (You found it on level 5 of the Dungeon)
  4101 | D:5      | Slain by a centaur

Skill      XL: |  1  2  3  4  5  6  7 |
---------------+----------------------+-----
Unarmed Combat | 3 4 6 7 8 |  8.8
Fighting       | |  3.0
Dodging        | |  3.0
Shields        | |  3.0

Action                   |  1- 3 |  4- 6 |  7- 9 || total
-------------------------+-------+-------+-------++-------
Melee: Unarmed           |    55 |   123 |    69 ||   247
       Constrict         |    15 |    33 |    13 ||    61
       Tentacles         |    15 |    20 |    13 ||    48
       Punch             |       |     4 |     5 ||     9
Invok: Sacrifice Love    |       |     1 |       ||     1
  Use: Scroll            |       |     5 |       ||     5
       Potion            |       |       |     1 ||     1
 Stab: Sleeping          |     4 |     6 |     2 ||    12
       Distracted        |     2 |       |     1 ||     3
       Invisible         |       |     1 |       ||     1
       Paralysed         |       |     1 |       ||     1
  Eat: Chunk             |       |    11 |     3 ||    14
Armor: Skin              |     1 |     8 |     4 ||    13
Dodge: Dodged            |    29 |   103 |    33 ||   165
